 Dungeon Crawl Stone Soup version 0.16.1-51-g6203257 (webtiles) character file.

133 hannobal the Sneak (level 4, -1/21 HPs)
             Began as a Felid Chaos Knight on July 30, 2015.
             Slain by a centaur (8 damage)
             ... on level 3 of the Dungeon.
             The game lasted 00:17:02 (5319 turns).

hannobal the Sneak (Felid Chaos Knight)             Turns: 5319, Time: 00:17:02

Health: -1/21      AC:  3    Str:  8    XL:     4   Next: 94%
Magic:  7/7        EV: 18    Int: 17    God:    Xom [...*..]
Gold:   72         SH:  0    Dex: 16    Spells: 0 memorised, 3 levels left
                                        Lives:  0   Deaths: 1

rFire  + . .     SeeInvis +       - Unarmed
rCold  . . .     Clarity  .     (armour unavailable)
rNeg   . . .     SustAb   .     (shield unavailable)
rPois  .         Gourm    .     (helmet unavailable)
rElec  .         Spirit   .     (cloak unavailable)
rCorr  .         Warding  .     (gloves unavailable)
rMut   .         Stasis   .     (boots unavailable)
MR     .....                    a - amulet of rage
Stlth  ++++......               i - ring of protection from fire
                                j - +4 ring of intelligence

@: quick, not resistant to hostile enchantments, stealthy
A: paw claws, no armour, no weapons or thrown items, fangs 3, slimy green scales
1, see invisible, carnivore 3, speed 1, shaggy fur 1, slow metabolism 1, sharp
paws
a: Renounce Religion, Evoke Berserk Rage


You were on level 3 of the Dungeon.
You worshipped Xom.
You were a favourite toy of Xom.
You were very full.

You visited 1 branch of the dungeon, and saw 3 of its levels.

You collected 72 gold pieces.

Inventory:

Jewellery
 a - an amulet of rage (around neck)
 e - an uncursed ring of invisibility
 i - a ring of protection from fire (right paw)
 j - a +4 ring of intelligence (left paw)
 l - a cursed ring of loudness {unknown}
Magical devices
 g - a wand of polymorph (18)
Scrolls
 b - 2 scrolls of identify
 f - a scroll of enchant weapon
 h - 2 scrolls of remove curse
 k - a scroll of blinking
Miscellaneous
 n - a phantom mirror
Comestibles
 c - a meat ration
 d - a royal jelly


   Skills:
 - Level 3.0 Fighting
 - Level 3.2 Dodging
 - Level 5.2 Stealth
 + Level 5.0 Unarmed Combat


You had 3 spell levels left.
You didn't know any spells.

Dungeon Overview and Level Annotations

Branches:
Dungeon (3/15)

Altars:
Ashenzari
Zin


Innate Abilities, Weirdness & Mutations

You cannot wear armour.
You are incapable of wielding weapons or throwing items.
You have razor-sharp teeth.
You have supernaturally acute eyesight.
You are carnivorous and can eat meat at any time.
You cover ground quickly.
You are covered in fur (AC +1).
You have a slow metabolism.
Your paws have sharp claws that are effective at stabbing.
You are partially covered in slimy green scales (AC +2).


Message History

Found an escape hatch in the floor.
You see here a dagger.
The walls suddenly lose part of their structure.
A centaur comes into view.
The centaur shouts!
The centaur wields a shortbow.
The centaur shoots an arrow.
The arrow closely misses you.
You see here an arrow.
The centaur shoots an arrow.
The arrow hits you.
You see here an arrow.
The centaur shoots an arrow.
The arrow misses you.
The centaur unwields an uncursed shortbow.
The centaur hits you!
You are too injured to fight recklessly!
You claw the centaur!
The centaur begins to bleed from its wounds!
The centaur is moderately wounded.
The centaur hits you!
You die...
Xom howls with laughter!

#..# #..## #.......# #.##
###.#######.#.....# #<#
####.###.....#.....## ## #.#
####.....#####......######. ###.#
######)##### #.............
$...########.....# #.....#######.
.................# #.....# #.....
....#######.#(#.####.....###.####
..(.# #####.#((.@c[..<....#..#
.#### #####.#.......).......##
#......#.........).(...#
..######...............# #
####...........)...#####
######..................##...
##......##....................
####..######.....................
#....#####.................###...


You could see a centaur (bleeding).

Vanquished Creatures
  An orc priest (D:3)
  An orc wizard (D:2)
  Natasha (twice) (D:3)
  5 adders (D:2)
  2 shadow imps (D:2)
  A giant mite (D:2)
  9 orcs
  4 bats
  4 goblins
  7 hobgoblins
  5 jackals
  2 quokkas
  2 ball pythons
  A giant cockroach (D:3)
  A giant gecko (D:3)
  5 giant newts
  6 kobolds
  A quokka zombie (D:3)
  6 rats
65 creatures vanquished.

Vanquished Creatures (collateral kills)
  An adder (D:2)
1 creature vanquished.

Grand Total: 66 creatures vanquished

Notes
Turn   | Place    | Note
--------------------------------------------------------------
     0 | D:1      | hannobal, the Felid Chaos Knight, began the quest for the Orb.
     0 | D:1      | Reached XP level 1. HP: 10/10 MP: 2/2
     9 | D:1      | XOM: smoke on damage
   128 | D:1      | XOM: smoke on damage
   129 | D:1      | Reached skill level 1 in Stealth
   312 | D:1      | XOM: divination: detect items
   644 | D:1      | Reached XP level 2. HP: 14/14 MP: 3/3
  1177 | D:2      | XOM: give mutation
  1177 | D:2      | Gained mutation: You are partially covered in slimy green scales (AC +2). [Xom's grace]
  1419 | D:2      | XOM: butterfly on damage
  1421 | D:2      | Reached skill level 4 in Stealth
  1421 | D:2      | Reached XP level 3. HP: 12/17 MP: 5/5
  1622 | D:2      | XOM is BORED!
  1622 | D:2      | XOM: mild Necr miscast
  2222 | D:2      | XOM: 6-stop teleportation journey
  2241 | D:2      | XOM: confusion (+ monsters)
  2647 | D:2      | XOM: mild Pois miscast
  3035 | D:2      | Reached skill level 5 in Stealth
  3112 | D:3      | Found a glowing silver altar of Zin.
  3112 | D:3      | Noticed Natasha
  3118 | D:3      | XOM: butterfly on damage
  3193 | D:2      | XOM: noise
  3268 | D:1      | XOM: noise
  3415 | D:2      | Reached XP level 4. HP: 21/21 MP: 7/7
  3487 | D:3      | XOM: 3-stop teleportation journey
  3489 | D:3      | XOM: summons 2 friendly demons
  3545 | D:2      | XOM: god gift: phantom mirror
  3604 | D:2      | XOM: 1-stop teleportation journey
  3797 | D:3      | Killed Natasha
  3869 | D:3      | Found a shattered altar of Ashenzari.
  3892 | D:3      | Noticed Natasha
  3899 | D:3      | XOM: 3-stop teleportation journey
  3901 | D:3      | XOM: repel stairs
  4051 | D:2      | Slain by an orc
  4052 | D:2      | Reached XP level 3. HP: -2/17 MP: 5/5
  4069 | D:2      | XOM: mild Summ miscast
  4076 | D:2      | Reached XP level 4. HP: 11/21 MP: 7/7
  4267 | D:2      | XOM: enchant monster (good)
  4355 | D:2      | XOM: summons 2 hostile demons
  4357 | D:2      | XOM: smoke on damage
  4538 | D:2      | XOM: summons 2 hostile demons
  4549 | D:3      | Killed Natasha
  4551 | D:3      | XOM: noise
  4559 | D:2      | XOM: summons 2 hostile shadow creatures
  5161 | D:3      | XOM: god gift: 17 stones
  5211 | D:3      | Reached skill level 5 in Unarmed Combat
  5313 | D:3      | XOM: vitrification
  5314 | D:3      | Noticed a centaur
  5319 | D:3      | Slain by a centaur

Action                   |  1- 3 |  4- 6 || total
-------------------------+-------+-------++-------
Melee: Unarmed           |   113 |   110 ||   223
  Use: Scroll            |     4 |       ||     4
       Potion            |     2 |     3 ||     5
 Stab: Sleeping          |     8 |     2 ||    10
       Distracted        |     2 |       ||     2
       Invisible         |       |     2 ||     2
       Petrified         |       |     1 ||     1
  Eat: Chunk             |    17 |     4 ||    21
